 Dungeon Crawl Stone Soup version 0.31.0-9-g3a7656b989 (webtiles) character file.

Game seed: 10359001956038024436

331 qw the Shooter (level 6, -3/32 HPs)
             Began as a Spriggan Hunter on Feb 2, 2024.
             Slain by Edmund
             ... wielding a +0 dire flail of holy wrath
              (7 damage)
             ... on level 4 of the Dungeon.
             The game lasted 00:00:51 (2685 turns).

qw the Shooter (Spriggan Hunter)                    Turns: 2685, Time: 00:00:52

Health: -3/32      AC:  3    Str:  7    XL:     6   Next: 26%
Magic:  0/7        EV: 21    Int: 10    God:
Gold:   199        SH:  0    Dex: 21    Spells: 5/5 levels left

rFire   . . .        a - +0 shortbow
rCold   + . .        (shield currently unavailable)
rNeg    . . .        c - +0 robe
rPois   .            (helmet restricted)
rElec   .            g - +0 cloak
rCorr   .            (gloves unavailable)
SInv    +            (boots unavailable)
Will    +....        d - amulet of guardian spirit
Stlth   ++           e - ring of protection from cold
HPRegen 0.25/turn    (no ring)
MPRegen 0.10/turn

%: guardian spirit
@: hasted, very quick
A: very small, no large weapons, unfitting armour, see invisible, speed 3
a: no special abilities


You were on level 4 of the Dungeon.
You visited 1 branch of the dungeon, and saw 4 of its levels.

You collected 199 gold pieces.


Innate Abilities, Weirdness & Mutations

You are very small and have problems with some larger weapons.
You are too small for most types of armour.
You have supernaturally acute eyesight. (SInv)
You cover ground extremely quickly. (Speed+++)


   Skills:
 - Level 2.7 Fighting
 - Level 6.0 Ranged Weapons
 + Level 5.5 Dodging
 - Level 1.5 Stealth


You had 5 spell levels left.
You didn't know any spells.
Your spell library was empty.

Inventory:

Hand Weapons
 a - a +0 shortbow (weapon)
Armour
 c - a +0 robe (worn)
 g - a +0 cloak (worn)
Jewellery
 d - an amulet of guardian spirit (around neck)
 e - a ring of protection from cold (left hand)
Wands
 i - a wand of acid (7)
 j - a wand of paralysis (18)
 k - a wand of iceblast (9)
Scrolls
 f - a scroll of identify
 h - a scroll of immolation {unknown}
Potions
 m - a potion of curing {unknown}

Dungeon Overview and Level Annotations

Branches:
Dungeon (4/15)
 Temple: D:4-7

Altars:
Cheibriados

Annotations:
D:4 Edmund


Message History

Edmund completely misses you.
You shoot an arrow.
The arrow hits Edmund but does no damage.
Edmund is moderately wounded.
Edmund hits you with a +0 dire flail of holy wrath.
You shoot an arrow. The arrow barely misses Edmund.
The arrow closely misses the goblin.
You shoot an arrow. The arrow barely misses Edmund.
The arrow closely misses the goblin.
Edmund hits you with a +0 dire flail of holy wrath.
You shoot an arrow. The arrow barely misses Edmund.
The arrow hits the goblin!
You kill the goblin!
Edmund misses you.
You shoot an arrow.
The arrow hits Edmund but does no damage.
Edmund is moderately wounded.
Edmund hits you with a +0 dire flail of holy wrath!
You shoot an arrow. The arrow barely misses Edmund.
The arrow hits the hobgoblin!
You kill the hobgoblin!
You shoot an arrow. The arrow closely misses Edmund.
Edmund barely misses you.
You shoot an arrow. The arrow hits Edmund.
Edmund is moderately wounded.
Edmund hits you with a +0 dire flail of holy wrath!
You shoot an arrow. The arrow hits Edmund!
Edmund is heavily wounded.
Edmund completely misses you.
You shoot an arrow. The arrow barely misses Edmund.
The arrow hits the hobgoblin but does no damage.
You shoot an arrow.
The arrow hits Edmund but does no damage.
Edmund is heavily wounded.
Edmund closely misses you.
You shoot an arrow.
The arrow hits Edmund but does no damage.
Edmund is heavily wounded.
Edmund hits you with a +0 dire flail of holy wrath!
You die...
Edmund says, "I'd like to see a scythe do that!"

###.# #.#
#..###..#######.# # #.#
#.####.## ##.........# #
#.# #......# #...#####.# #
#.# #.#..####+####.......#
###.## #.#.##
#...#.##...##.#
##...###.#.# +...'
#......# #.#.#......## .g.
##...####
.##.##......####@####...##
###....>......#.@.#...#.#
............#.##.##.....#
#.###.......#..#'#..#####
..# #.......#......##
#.###.#....##....###
#.....##.#.##.####
###..###......# ###..#
###.#### .....#####.#


You could see Edmund and a hobgoblin.

Vanquished Creatures
  A scorpion (D:4)
  A jelly (D:4)
  Ijyb (D:3)
  7 gnolls (D:4)
  5 adders
  A white imp (D:3)
  A ribbon worm (D:3)
  A dart slug (D:1)
  10 orcs
  11 bats
  6 endoplasms
  6 goblins
  8 hobgoblins
  4 jackals
  3 quokkas
  5 ball pythons
  7 frilled lizards
  5 kobolds
  7 rats
90 creatures vanquished.

Notes
Turn   | Place    | Note
-------+----------+-------------------------------------------
     0 | D:1      | qw the Spriggan Hunter began the quest for the Orb.
     0 | D:1      | Reached XP level 1. HP: 10/10 MP: 2/2
     0 | D:1      | 0 ||| qw: Version: 0.3-a-155-g5e7d8dd
     0 | D:1      | 0 ||| qw: Game counter: 2826
     0 | D:1      | 0 ||| qw: Melee chars always use a shield: true
     0 | D:1      | 0 ||| qw: God list: Okawaru
     0 | D:1      | 0 ||| qw: Allow faded altars: false
     0 | D:1      | 0 ||| qw: Do Orc after clearing Dungeon:15 true
     0 | D:1      | 0 ||| qw: Do second Lair branch before Depths: true
     0 | D:1      | 0 ||| qw: Lair rune preference: random
     0 | D:1      | 0 ||| qw: Goals: Normal
     0 | D:1      | 0 ||| PLANNING D:1-11
    49 | D:1      | Reached skill level 3 in Dodging
   161 | D:1      | Reached XP level 2. HP: 10/14 MP: 3/3
   442 | D:1      | Found a faded altar of an unknown god.
   668 | D:1      | Reached XP level 3. HP: 18/18 MP: 4/4
   818 | D:1      | 818 ||| UPGRADING to amulet of guardian spirit.
   823 | D:1      | 823 ||| READING scroll labelled VEREOTS FIAFAE.
   824 | D:1      | 824 ||| DROPPING scroll of butterflies.
   869 | D:2      | 869 ||| STAIRDANCE
  1304 | D:2      | Reached skill level 5 in Ranged Weapons
  1343 | D:2      | 1343 ||| UPGRADING to +0 cloak.
  1348 | D:2      | 1348 ||| UPGRADING to ring of protection from cold.
  1349 | D:2      | 1349 ||| READING scroll labelled LAFIONL OHEM.
  1450 | D:2      | 1450 ||| READING scroll labelled ICOTAU UFFUUG.
  1450 | D:2      | 1450 ||| IDENTIFYING purple potion
  1479 | D:3      | 1479 ||| STAIRDANCE
  1488 | D:3      | Reached XP level 4. HP: 20/22 MP: 5/5
  1724 | D:3      | Noticed Ijyb
  1737 | D:3      | Paralysed by Ijyb for 4 turns
  1744 | D:3      | Killed Ijyb
  1816 | D:3      | Reached XP level 5. HP: 26/26 MP: 6/6
  2112 | D:3      | 2112 ||| READING scroll of identify.
  2112 | D:3      | 2112 ||| IDENTIFYING smoky silvery potion
  2113 | D:3      | 2113 ||| READING scroll labelled PAS TAOJUNUUTI.
  2114 | D:3      | 2114 ||| DRINKING 2 sedimented white potions.
  2115 | D:3      | 2115 ||| DROPPING potion of brilliance.
  2116 | D:3      | 2116 ||| DROPPING potion of attraction.
  2337 | D:4      | Reached XP level 6. HP: 32/32 MP: 7/7
  2354 | D:4      | Found a snail-covered altar of Cheibriados.
  2414 | D:4      | Reached skill level 6 in Ranged Weapons
  2664 | D:4      | Noticed Edmund
  2665 | D:4      | 2665 ||| DRINKING potion of haste.
  2681 | D:4      | HP: 3/32 [Edmund/+0 dire flail of holy wrath (6)]
  2685 | D:4      | Slain by Edmund

Levels and vault maps discovered:
D:1:      amcnicky_arrival_wind_blow, layout_loops_corners,
          ebering_ecumenical_altar_box
D:2:      layout_basic
D:3:      layout_basic, uniq_ijyb
D:4:      cheibrodos_greedy_goblins, layout_loops_ring, lemuel_crystal_altar,
          uniq_edmund

Skill      XL: |  1  2  3  4  5  6 |
---------------+-------------------+-----
Dodging        | 3 4 5 |  5.5
Ranged Weapons | 5 6 |  6.0
Fighting       | 2 |  2.7
Stealth        | |  1.5

Action                     |  1- 3 |  4- 6 || total
---------------------------+-------+-------++-------
   Fire: Shortbow          |    96 |   186 ||   282
    Use: Scroll            |     3 |     2 ||     5
         Potion            |       |     2 ||     2
 Armour: Robe              |    11 |    29 ||    40
  Dodge: Dodged            |    28 |    84 ||   112

Table legend:
 A = Non-vault XP
 B = Vault XP
 C = Vault XP percentage of total XP
 D = Non-vault monster count
 E = Vault monster count
 F = Vault count percentage of total count
                 A         B        C        D         E       F
            +---------+---------+-------+---------+---------+-------
      Total |     429 |      45 |   9.5 |      86 |       4 |   4.4
            +---------+---------+-------+---------+---------+-------
        D:1 |      44 |       0 |   0.0 |      28 |       0 |   0.0
        D:2 |      49 |       0 |   0.0 |      15 |       0 |   0.0
        D:3 |      76 |      39 |  33.9 |      23 |       1 |   4.2
        D:4 |     260 |       6 |   2.3 |      20 |       3 |  13.0
            +---------+---------+-------+---------+---------+-------
